 Dungeon Crawl Stone Soup version 0.27-a0-1140-g099f9bb0e8 (webtiles) character file.

Game seed: 110534851137640527

191 Anon1729 the Chopper (level 5, -2/42 HPs)
             Began as a Demonspawn Berserker on May 8, 2021.
             Was a Priest of Trog.
             Killed by nerve-wracking pain
             ... invoked by Grinder
              (14 damage)
             ... on level 3 of the Dungeon.
             The game lasted 00:02:43 (3134 turns).

Anon1729 the Chopper (Demonspawn Berserker)         Turns: 3134, Time: 00:02:43

Health: -2/42      AC: 10    Str: 25    XL:     5   Next: 42%
Magic:  5/5        EV:  9    Int: 10    God:    Trog [***...]
Gold:   140        SH:  0    Dex: 12    Spells: 4/4 levels left

rFire    . . .     SeeInvis .   a - +0 hand axe
rCold    . . .     Faith    .   (no shield)
rNeg     . . .     Spirit   .   j - +0 chain mail
rPois    .         Reflect  .   (no helmet)
rElec    .         Harm     .   (no cloak)
rCorr    +         Rampage  .   (no gloves)
Will     .....                  h - +0 pair of boots
Stlth    ..........             p - amulet of magic regeneration
HPRegen  0.14/turn              d - ring of resist corrosion
MPRegen  0.34/turn              e - +6 ring of strength

@: on berserk cooldown, slowed, very slow
A: hooves 1, ignite blood 1, big brain 1
a: Renounce Religion, Berserk, Trog's Hand


You were on level 3 of the Dungeon.
You worshipped Trog.
Trog was most pleased with you.
You visited 1 branch of the dungeon, and saw 4 of its levels.

You collected 140 gold pieces.

Inventory:

Hand Weapons
 a - a +0 hand axe (weapon)
Missiles
 o - 4 atropa-tipped darts
Armour
 b - a +0 animal skin
 g - a +0 ring mail
 h - a +0 pair of boots (worn)
 j - a +0 chain mail (worn)
Jewellery
 d - a ring of resist corrosion (left hand)
 e - a +6 ring of strength (right hand)
 i - a ring of ice
 p - an amulet of magic regeneration (around neck)
Scrolls
 c - a scroll of amnesia {unknown}
 m - a scroll of teleportation {unknown}
 q - a scroll of immolation {unknown}
 t - a scroll of summoning {unknown}
Potions
 f - a potion of cancellation {unknown}
 k - a potion of might {unknown}
 l - 2 potions of heal wounds {unknown}
 n - a potion of mutation {unknown}
 r - a potion of ambrosia {unknown}
 s - a potion of attraction {unknown}


   Skills:
 + Level 4.0 Fighting
 * Level 4.2 Axes
 + Level 2.9 Armour
 - Level 2.2 Dodging


You had 4 spell levels left.
You didn't know any spells.
Your spell library was empty.

Dungeon Overview and Level Annotations

Branches:
Dungeon (4/15)
 Temple: D:4-7

Altars:

Annotations:
D:3 Grinder


Innate Abilities, Weirdness & Mutations

You have large cloven feet.
Your demonic aura sometimes causes spilled blood to erupt in flames.
You have an unusually large brain. (Int +2)


Message History

Grinder is moderately wounded.
The gnoll closely misses you.
You hit Grinder.
Grinder is moderately wounded.
Grinder gestures at you.
You suddenly lose the ability to move!
The gnoll hits you but does no damage. Grinder hits you but does no damage.
The gnoll hits you from afar with a +0 spear.
Grinder hits you but does no damage. The gnoll hits you but does no damage.
You are no longer berserk.
You feel yourself slow down. Grinder hits you but does no damage.
The gnoll barely misses you.
Grinder says, "At least Makhleb appreciates what I'm doing."
Grinder hits you.
You writhe in agony.
The gnoll hits you but does no damage. Grinder hits you but does no damage.
The gnoll hits you from afar with a +0 spear.
Grinder gestures at you. Pain shoots through your body!
The gnoll hits you from afar with a +0 spear.
* * * LOW HITPOINT WARNING * * *
A hound skeleton comes into view.
Grinder hits you but does no damage.
The gnoll hits you from afar with a +0 spear.
* * * LOW HITPOINT WARNING * * *
You can move again.
Unknown command.
Grinder gestures at you.
You shrug off the repeated paralysis!
You see here a giant cockroach corpse.
The hound skeleton closely misses you.
There is a stone staircase leading up here.
Grinder hits you but does no damage.
The hound skeleton completely misses you.
The gnoll hits you but does no damage. Grinder closely misses you.
The gnoll hits you but does no damage. The hound skeleton barely misses you.
You climb upwards.
There is a stone staircase leading down here.
Grinder gestures at you. Pain shoots through your body!
You die...

#.......#########.#####..# #
#.####..#########.#####..## #
##.####..##.....##.##......#####
#........##.....##.##.##........
#..##.#..##..#.....##.........).
#........##.....#####..###......
#.##.##.###....5#####......#####
#<##.##.# #####>.......##### #
#.......### #@#####..# #
####......# #.#####..# #
#.####.# ###.##..<..# # #.####.#
#.........## ### #....#.#
#.........# #..
#.##.#####''######.# ##.#
#.....#........# #.# #...
#####.#........# #.#######..#
#.#..♣..♣..###.##.......#


You could see Grinder.

Vanquished Creatures
  A jelly (D:4)
  Jessica (D:3)
  2 adders
  3 gnolls (D:4)
  A worm (D:3)
  3 dart slugs
  2 orcs (D:3)
  6 ball pythons
  4 endoplasms
  2 giant cockroaches
  5 goblins
  7 hobgoblins
  6 jackals
  10 kobolds
  2 quokkas (D:2)
  6 bats
  3 frilled lizards (D:1)
  8 rats
72 creatures vanquished.

Notes
Turn   | Place    | Note
-------+----------+-------------------------------------------
     0 | D:1      | Anon1729 the Demonspawn Berserker began the quest for the
                  | Orb.
     0 | D:1      | Reached XP level 1. HP: 18/18 MP: 1/1
   179 | D:1      | Gained mutation: Your demonic aura sometimes causes spilled
                  | blood to erupt in flames. [demonic ancestry]
   179 | D:1      | Reached XP level 2. HP: 12/24 MP: 2/2
  1294 | D:1      | Gained mutation: You have large cloven feet. [demonic
                  | ancestry]
  1294 | D:1      | Reached XP level 3. HP: 27/29 MP: 3/3
  1612 | D:2      | Reached ** piety under Trog
  1927 | D:2      | You fall into a shaft and drop 1 floor!
  1945 | D:3      | Gained mutation: You have an unusually large brain. (Int
                  | +2) [demonic ancestry]
  1945 | D:3      | Reached XP level 4. HP: 6/35 MP: 4/4
  2490 | D:3      | Noticed Jessica
  2501 | D:3      | Killed Jessica
  3107 | D:4      | Noticed Grinder
  3108 | D:4      | Reached *** piety under Trog
  3109 | D:4      | Reached XP level 5. HP: 42/42 MP: 5/5
  3122 | D:4      | Paralysed by Grinder for 7 turns
  3134 | D:3      | Killed from afar by Grinder

Illustrated notes

Levels and vault maps discovered:
D:1:      dpeg_arrival_leaves_temple_mockup, layout_basic, moated_statue,
          minmay_misc_feat_chi
D:2:      layout_rooms, uniq_crazy_yiuf_cottage
D:3:      layout_loops_cross, kennysheep_generic_room_5, uniq_jessica
D:4:      layout_cave_pools, gup_sewer_entry_bubbles, serial_shops, shop,
          nicolae_shop_competitors_out_of_business,
          nicolae_shop_temple_entry_statues_fountains, nicolae_shop_trees, shop,
          gammafunk_ghost_stat_death, minmay_mini_ossuary, uniq_menkaure,
          uniq_grinder, uniq_sigmund

Skill      XL: |  1  2  3  4  5 |
---------------+----------------+-----
Armour         | 2 |  2.9
Dodging        | 2 |  2.2
Axes           | 3 4 |  4.2
Fighting       | 4 |  4.0

Action                   |  1- 3 |  4- 6 || total
-------------------------+-------+-------++-------
Melee: Hand axe          |   163 |    73 ||   236
Invok: Berserk           |     2 |     2 ||     4
Armor: Animal skin       |    23 |       ||    23
       Ring mail         |    16 |       ||    16
       Chain mail        |    30 |    52 ||    82
Dodge: Dodged            |    95 |    31 ||   126

Table legend: (Time is in decaauts)
 A = Elapsed time spent in this place.
 B = Non-inter-level travel time spent in this place.
 C = Inter-level travel time spent in this place.
 D = Time resting spent in this place.
 E = Time spent auto-exploring this place.
 F = Levels seen in this place.
 G = Mean time per level.
                   A        B        C        D        E       F      G
               +--------+--------+--------+--------+--------+-----+--------+
         Total |   3190 |   3161 |     29 |    634 |   2009 |   4 |  797.5 |
       Dungeon |   3190 |   3161 |     29 |    634 |   2009 |   4 |  797.5 |
               +--------+--------+--------+--------+--------+-----+--------+

Top non-repeatable levels by time:
     D:1: 1505 daAuts
     D:3: 1206 daAuts
     D:2: 450 daAuts
     D:4: 27 daAuts
